 Dungeon Crawl Stone Soup version 0.30-a0-145-g03d90e2e6d (webtiles) character file.

Game seed: 2361868633146966179

256 qw the Chopper (level 6, 0/30 HPs)
             Began as a Gargoyle Fighter on Sept 26, 2022.
             Killed by divine providence
             ... invoked by an orc priest
              (14 damage)
             ... on level 4 of the Dungeon.
             The game lasted 00:01:04 (3349 turns).

qw the Chopper (Gargoyle Fighter)                   Turns: 3349, Time: 00:01:05

Health: 0/30       AC: 11    Str: 25    XL:     6   Next: 16%
Magic:  6/6        EV:  9    Int:  8    God:
Gold:   150        SH:  4    Dex:  8    Spells: 5/5 levels left

rFire   . . .      SeeInvis .    Y - +2 war axe
rCold   . . .      Faith    .    c - +0 buckler
rNeg    + . .      Spirit   .    b - +0 scale mail
rPois   inf        Reflect  .    (helmet restricted)
rElec   +          Harm     .    (no cloak)
rCorr   .          Rampage  .    (no gloves)
Will    .....                    (no boots)
Stlth   ..........               (no amulet)
HPRegen 0.10/turn                (no ring)
MPRegen 0.10/turn                (no ring)

@: no status effects
A: sickness immunity, AC +4, negative energy resistance 1, electricity
resistance, torment resistance 1, petrification resistance, antennae 1, frail 2,
strong 1
a: no special abilities


You were on level 4 of the Dungeon.
You visited 1 branch of the dungeon, and saw 4 of its levels.

You collected 150 gold pieces.


Innate Abilities, Weirdness & Mutations

You are immune to sickness and miasma.
Your stone body is resilient. (AC +4)
You are immune to poison.
You resist negative energy. (rN+)
You are resistant to electric shocks. (rElec)
You are resistant to unholy torment.
You are immune to petrification.
You have a pair of small antennae on your head.
You are very frail. (-20% HP)
Your muscles are strong. (Str +4, Int/Dex -1)


   Skills:
 - Level 4.0 Fighting
 + Level 5.3 Axes
 - Level 3.2 Armour
 - Level 0.2 Dodging
 - Level 3.2 Shields


You had 5 spell levels left.
You didn't know any spells.
Your spell library was empty.

Inventory:

Hand Weapons
 k - a +1 flail of protection
 Y - a +2 war axe (weapon)
Missiles
 a - 5 boomerangs (quivered)
Armour
 b - a +0 scale mail (worn)
 c - a +0 buckler (worn)
Scrolls
 g - 2 scrolls of identify
 i - a scroll of teleportation
Potions
 d - a potion of might
 e - 2 potions of curing
 f - a potion of haste
 j - 2 potions of magic {unknown}
 l - a potion of heal wounds {unknown}

Dungeon Overview and Level Annotations

Branches:
Dungeon (4/15)
 Temple: D:4-7

Altars:

Shops:
D:3 [


Message History

The orc wizard hits you but does no damage.
The orc priest invokes the aid of Beogh against you.
Beogh smites you!
There is an escape hatch in the floor here.
You miss the orc wizard. You hit the orc. The orc barely misses you.
You block the orc wizard's attack.
You hit the orc.
You kill the orc!
You hit the orc wizard.
The orc wizard hits you but does no damage.
The orc priest looks braver for a moment.
The orc wizard closely misses you.
You slash the orc wizard!
You kill the orc wizard!
You barely miss the orc priest.
The orc priest hits you but does no damage.
You barely miss the orc priest.
The orc priest invokes the aid of Beogh against you.
Pain shoots through your body!
You closely miss the orc priest. The orc priest barely misses you.
You hit the orc priest.
The orc priest is moderately wounded.
The orc priest looks satisfied for a moment.
The orc priest looks encouraged for a moment.
You hit the orc priest.
The orc priest is moderately wounded.
The orc priest hits you but does no damage.
You hit the orc priest.
The orc priest is severely wounded.
The orc priest hits you but does no damage.
You closely miss the orc priest.
The orc priest is severely wounded.
The orc priest hits you with a +0 hand axe.
You hit the orc priest.
The orc priest is almost dead.
The orc priest miscasts a cantrip.
The orc priest calls down the wrath of Beogh upon you.
Beogh smites you!
You die...

#.# . .## #..## .
..##...##. .. .......
.##.#..... ... ........
.........##.............
#..?.....#.............
#. #.)o...............)
#..###@.......[........
#.....................
#.....>...............
#..........#.........)
#.....................
........................
####...^##.....##.####..
#..
###..##...##......... ..
##.....####........


You could see an orc priest.

Vanquished Creatures
  Natasha (thrice) (D:2)
  An orc wizard (D:4)
  3 gnolls (D:2)
  5 adders
  5 orcs
  7 ball pythons
  4 bats
  9 endoplasms
  3 giant cockroaches
  8 goblins
  8 hobgoblins
  5 jackals
  6 kobolds
  A quokka (D:1)
  A frilled lizard (D:1)
  6 rats
75 creatures vanquished.

Vanquished Creatures (others)
  10 plants (D:2)
10 creatures vanquished.

Grand Total: 85 creatures vanquished

Notes
Turn   | Place    | Note
-------+----------+-------------------------------------------
     0 | D:1      | qw the Gargoyle Fighter began the quest for the Orb.
     0 | D:1      | Reached XP level 1. HP: 14/14 MP: 1/1
     0 | D:1      | 0 ||| qw: Version: 0.2-a-10-g399e6c4
     0 | D:1      | 0 ||| qw: Game counter: 500
     0 | D:1      | 0 ||| qw: Always use a shield: true
     0 | D:1      | 0 ||| qw: God list: Okawaru
     0 | D:1      | 0 ||| qw: Allow faded altars: false
     0 | D:1      | 0 ||| qw: Do Orc after D:15 true
     0 | D:1      | 0 ||| qw: Do second Lair branch before Depths: true
     0 | D:1      | 0 ||| qw: Lair rune preference: random
     0 | D:1      | 0 ||| qw: Plans: Normal, Zot:1-4, God:TSO, Crypt, Tomb,
                  | Pan, Slime:5, Hells, Abyss, Orb
     0 | D:1      | 0 ||| PLANNING D:1-11
    63 | D:1      | Reached skill level 2 in Axes
   109 | D:1      | Reached XP level 2. HP: 6/19 MP: 2/2
   603 | D:1      | Reached skill level 3 in Axes
   613 | D:1      | Reached XP level 3. HP: 17/23 MP: 3/3
   753 | D:1      | 753 ||| Stepping ~*~*~tactically~*~*~ (stealth).
  1201 | D:1      | 1201 ||| READING scroll labelled YTETSYI KUFOG.
  1202 | D:1      | 1202 ||| READING scroll labelled QIMEMI HUEVIAGOUNG.
  1203 | D:1      | 1203 ||| READING scroll labelled YMNAEF RORYQ.
  1204 | D:1      | 1204 ||| READING scroll labelled ZES IKHEYDOXTOK.
  1205 | D:1      | 1205 ||| DRINKING 2 black potions.
  1306 | D:1      | 1306 ||| DROPPING potion of ambrosia.
  1353 | D:2      | 1353 ||| STAIRDANCE
  1541 | D:2      | 1541 ||| DROPPING +0 club.
  1553 | D:2      | 1553 ||| Stepping ~*~*~tactically~*~*~ (stealth).
  1557 | D:2      | 1557 ||| Stepping ~*~*~tactically~*~*~ (stealth).
  1559 | D:2      | 1559 ||| Stepping ~*~*~tactically~*~*~ (stealth).
  1575 | D:2      | Reached XP level 4. HP: 22/28 MP: 4/4
  1672 | D:2      | Noticed Natasha
  1680 | D:2      | Killed Natasha
  1681 | D:2      | Reached skill level 4 in Axes
  1757 | D:2      | Noticed Natasha
  1764 | D:2      | HP: 7/28 [Natasha (1)]
  1765 | D:2      | Killed Natasha
  1819 | D:2      | Noticed Natasha
  1825 | D:2      | Killed Natasha
  1826 | D:2      | Reached XP level 5. HP: 14/32 MP: 5/5
  1831 | D:2      | HP: 8/32 [gnoll/+0 rapier (6)]
  1869 | D:2      | 1869 ||| Stepping ~*~*~tactically~*~*~ (stealth).
  1870 | D:2      | 1870 ||| Stepping ~*~*~tactically~*~*~ (stealth).
  1871 | D:2      | 1871 ||| Stepping ~*~*~tactically~*~*~ (stealth).
  2185 | D:2      | Found the +5 robe of Misfortune {Harm *Corrode *Slow EV+5}
  2270 | D:2      | Found a faded altar of an unknown god.
  2275 | D:2      | 2275 ||| Stepping ~*~*~tactically~*~*~ (stealth).
  2562 | D:2      | 2562 ||| Stepping ~*~*~tactically~*~*~ (stealth).
  2634 | D:2      | 2634 ||| READING scroll labelled KEUN QEYTIRR.
  2635 | D:2      | 2635 ||| READING 2 scrolls labelled CETAIS YKLEV.
  2638 | D:2      | 2638 ||| DRINKING 3 inky potions.
  2681 | D:3      | Found Ysanionk's Antique Armour Shop.
  2689 | D:3      | Reached skill level 5 in Axes
  2697 | D:3      | 2697 ||| SHOPLISTING chain mail (103 gold, have 93).
  2697 | D:3      | 2697 ||| SHOPLISTING pair of boots (103 gold, have 93).
  2697 | D:3      | 2697 ||| SHOPLISTING pair of ichor-stained boots (218 gold,
                  | have 93).
  2697 | D:3      | 2697 ||| SHOPLISTING shiny scale mail (161 gold, have 93).
  2825 | D:3      | Identified the +7 long sword of the Solstice {pain, rElec
                  | rF+ Will+ Str-3 Stlth+}
  2895 | D:3      | 2895 ||| Stepping ~*~*~tactically~*~*~ (stealth).
  2901 | D:3      | 2901 ||| Stepping ~*~*~tactically~*~*~ (stealth).
  2902 | D:3      | 2902 ||| Stepping ~*~*~tactically~*~*~ (stealth).
  2941 | D:3      | 2941 ||| DROPPING +0 mace.
  2967 | D:3      | 2967 ||| READING scroll of enchant weapon.
  2967 | D:3      | 2967 ||| ENCHANTING +1 war axe.
  3198 | D:3      | 3198 ||| DRINKING 2 amethyst potions.
  3198 | D:3      | Gained mutation: Your muscles are strong. (Str +4, Int/Dex
                  | -1) [potion of mutation]
  3198 | D:3      | Gained mutation: You are frail. (-10% HP) [potion of
                  | mutation]
  3198 | D:3      | Gained mutation: You possess an exceptional clarity of
                  | mind. [potion of mutation]
  3199 | D:3      | 3199 ||| DRINKING potion of mutation.
  3199 | D:3      | Lost mutation: You possess an exceptional clarity of mind.
                  | [potion of mutation]
  3199 | D:3      | Lost mutation: Your muscles are strong. (Str +4, Int/Dex
                  | -1) [potion of mutation]
  3199 | D:3      | Gained mutation: You are very frail. (-20% HP) [potion of
                  | mutation]
  3199 | D:3      | Gained mutation: You have a pair of small antennae on your
                  | head. [potion of mutation]
  3199 | D:3      | Gained mutation: Your muscles are strong. (Str +4, Int/Dex
                  | -1) [potion of mutation]
  3200 | D:3      | 3200 ||| READING 2 scrolls of identify.
  3200 | D:3      | 3200 ||| IDENTIFYING purple potion
  3237 | D:4      | 3237 ||| STAIRDANCE
  3259 | D:4      | 3259 ||| STAIRDANCE
  3326 | D:4      | 3326 ||| Stepping ~*~*~tactically~*~*~ (stealth).
  3338 | D:4      | Reached XP level 6. HP: 28/30 MP: 6/6
  3338 | D:4      | 3338 ||| Stepping ~*~*~tactically~*~*~ (stealth).
  3349 | D:4      | Killed from afar by an orc priest

Levels and vault maps discovered:
D:1:      minmay_arrival_loop, layout_basic, minmay_misc_feat_tiny,
          nrook_mini_vaults
D:2:      layout_loops_cross, ebering_ecumenical_altar_box,
          nicolae_grassy_gnolls, uniq_natasha
D:3:      layout_rooms, serial_shops, nicolae_shop_stone, palyth_stone_intersect
D:4:      layout_cave_pools, minmay_temple_entry_hall, gammafunk_ghost_icy,
          nicolae_stop_n_shop_1, serial_park_tiny_1,
          nicolae_figureground_sparkle

Skill      XL: |  1  2  3  4  5 |
---------------+----------------+-----
Axes           | 2 3 4 5 |  5.3
Fighting       | 4 |  4.0
Armour         | |  3.2
Dodging        | |  0.2
Shields        | |  3.2

Action                   |  1- 3 |  4- 6 || total
-------------------------+-------+-------++-------
Melee: War axe           |    77 |   121 ||   198
Throw: Boomerang         |       |    16 ||    16
  Use: Scroll            |     4 |     4 ||     8
       Potion            |     1 |     3 ||     4
Armor: Scale mail        |    42 |    54 ||    96
Dodge: Dodged            |    20 |    53 ||    73
Block: Buckler           |     8 |    21 ||    29

Table legend:
 A = Non-vault XP
 B = Vault XP
 C = Vault XP percentage of total XP
 D = Non-vault monster count
 E = Vault monster count
 F = Vault count percentage of total count
                 A         B        C        D         E       F
            +---------+---------+-------+---------+---------+-------
      Total |     289 |      78 |  21.3 |      71 |       4 |   5.3
            +---------+---------+-------+---------+---------+-------
        D:1 |      46 |       0 |   0.0 |      25 |       0 |   0.0
        D:2 |     101 |      78 |  43.6 |      20 |       4 |  16.7
        D:3 |      78 |       0 |   0.0 |      17 |       0 |   0.0
        D:4 |      64 |       0 |   0.0 |       9 |       0 |   0.0
            +---------+---------+-------+---------+---------+-------
